 Dungeon Crawl Stone Soup version 0.27.1-2-g3b301248ec (webtiles) character file.

Game seed: 4701015294029793069

1433 loralnil the Insei (level 8, 0/61 HPs)
             Began as a Gnoll Transmuter on Oct 4, 2021.
             Was a Priest of Kikubaaqudgha.
             Slain by a water moccasin skeleton (4 damage)
             ... on level 7 of the Dungeon.
             The game lasted 00:11:16 (6641 turns).

loralnil the Insei (Gnoll Transmuter)               Turns: 6641, Time: 00:11:16

Health: 0/61       AC:  9    Str: 12    XL:     8   Next: 73%
Magic:  26/26      EV: 12    Int: 25    God:    Kikubaaqudgha [***...]
Gold:   438        SH:  0    Dex: 14    Spells: 13/19 levels left

rFire    . . .     SeeInvis .   l - +7 rapier "Eviscerator" {venom, MP+9 Str+2 Int+6}
rCold    . . .     Faith    .   (no shield)
rNeg     . . .     Spirit   .   j - +3 ring mail of Shadows and Fog {rPois Int+6}
rPois    +         Reflect  .   k - +0 helmet
rElec    .         Harm     .   (no cloak)
rCorr    .         Rampage  .   (no gloves)
Will     .....                  (no boots)
Stlth    ++........             (no amulet)
HPRegen  0.20/turn              (no ring)
MPRegen  0.20/turn              (no ring)

@: no status effects
A: fangs 1, strong nose, distributed training
a: Renounce Religion, Receive Corpses


You were on level 7 of the Dungeon.
You worshipped Kikubaaqudgha.
Kikubaaqudgha was most pleased with you.
You visited 1 branch of the dungeon, and saw 7 of its levels.
You also visited: Ossuary.

You collected 438 gold pieces.

Inventory:

Hand Weapons
 l - the +7 rapier "Eviscerator" (weapon) {venom, MP+9 Str+2 Int+6}
   (You found it on level 5 of the Dungeon)

   It poisons the flesh of those it strikes.
   Str:       It affects your strength (+2).
   Int:       It affects your intelligence (+6).
   MP:        It affects your magic capacity (+9).
Missiles
 b - 2 throwing nets
Armour
 j - the +3 ring mail of Shadows and Fog (worn) {rPois Int+6}
   (You found it on level 4 of the Dungeon)

   Int:       It affects your intelligence (+6).
   rPois:     It protects you from poison.
 k - a +0 helmet (worn)
Jewellery
 i - a ring of fire
 s - a ring of fire
Wands
 m - a wand of flame (34)
Scrolls
 a - a scroll of fog
 d - a scroll of fear
 f - a scroll of enchant armour
 n - 3 scrolls of teleportation
 o - a scroll of immolation {unknown}
 q - a scroll of blinking {unknown}
Potions
 c - 3 potions of brilliance
 e - 4 potions of curing
 g - a potion of mutation
 h - 2 potions of heal wounds
 p - a potion of flight {unknown}
 r - a potion of resistance {unknown}


   Skills:
 + Level 4.4 Fighting
 + Level 3.5 Short Blades
 + Level 3.5 Long Blades
 + Level 3.5 Axes
 + Level 3.5 Maces & Flails
 + Level 3.5 Polearms
 + Level 3.5 Staves
 + Level 3.5 Slings
 + Level 3.5 Bows
 + Level 3.5 Crossbows
 + Level 3.5 Throwing
 + Level 3.5 Armour
 + Level 5.8 Dodging
 + Level 3.5 Stealth
 + Level 3.5 Shields
 + Level 7.5 Unarmed Combat
 + Level 6.2 Spellcasting
 + Level 2.9 Conjurations
 + Level 2.9 Hexes
 + Level 2.9 Summonings
 + Level 2.9 Necromancy
 + Level 2.9 Translocations
 + Level 4.8 Transmutations
 + Level 2.9 Fire Magic
 + Level 2.9 Ice Magic
 + Level 2.9 Air Magic
 + Level 2.9 Earth Magic
 + Level 2.9 Poison Magic
 + Level 3.9 Invocations
 + Level 3.5 Evocations


You had 13 spell levels left.
You knew the following spells:

 Your Spells              Type           Power      Damage    Failure   Level
a - Beastly Appendage     Tmut           64%        N/A       2%          1
b - Wereblood             Tmut           32%        N/A       3%          2
c - Spider Form           Tmut/Pois      13%        N/A       10%         3

Your spell library contained the following spells:

 Spells                   Type           Power      Damage    Failure   Level
 Animate Skeleton         Necr           44%        N/A       4%          1
 Corona                   Hex            24%        N/A       4%          1
 Magic Dart               Conj           88%        1d7       4%          1
 Pain                     Necr           88%        1d8       4%          1
 Sandblast                Erth           44%        2d11      4%          1
 Passwall                 Tmut/Erth      22%        N/A       4%          2
 Call Imp                 Summ           22%        N/A       7%          2
 Corpse Rot               Necr/Air       N/A        N/A       7%          2
 Ensorcelled Hibernation  Hex/Ice        44%        N/A       7%          2
 Sublimation of Blood     Necr           11%        N/A       7%          2
 Inner Flame              Hex/Fire       22%        N/A       14%         3
 Mephitic Cloud           Conj/Pois/Air  22%        N/A       14%         3
 Tukima's Dance           Hex            22%        N/A       14%         3
 Vampiric Draining        Necr           11%        2d7       14%         3
 Ice Form                 Ice/Tmut       27%        N/A       30%         4
 Cause Fear               Hex            11%        N/A       43%         4
 Dispel Undead            Necr           22%        3d12      43%         4
 Agony                    Necr           22%        N/A       78%         5
 Borgnjor's Vile Clutch   Necr/Erth      11%        N/A       78%         5
 Excruciating Wounds      Necr           11%        N/A       78%         5
 Lee's Rapid Deconstruct  Erth           11%        3d9*      78%         5
 Simulacrum               Ice/Necr       11%        N/A       100%        6
 Discord                  Hex            11%        N/A       100%        8
 Chain Lightning          Conj/Air       11%        3d14      100%        9
 Fire Storm               Conj/Fire      11%        8d3       100%        9


Dungeon Overview and Level Annotations

Branches:
Dungeon (7/15)             Temple (0/1) D:7         Ossuary (visited)

Altars:
Fedhas
Kikubaaqudgha
Sif Muna


Innate Abilities, Weirdness & Mutations

You have very sharp teeth.
Your uncanny sense of smell can sniff out nearby items.
Your experience applies equally to all skills.


Message History

The electric eel completely resists.
The bolt of electricity hits you!
* * * LOW HITPOINT WARNING * * *
The water moccasin skeleton bites you but does no damage.
The water moccasin skeleton bites you.
* * * LOW HITPOINT WARNING * * *
The water moccasin skeleton bites you.
* * * LOW HITPOINT WARNING * * *
You hit the water moccasin skeleton.
The water moccasin skeleton is lightly damaged.
The water moccasin skeleton bites you but does no damage.
You barely miss the water moccasin skeleton.
The water moccasin skeleton is lightly damaged.
The water moccasin skeleton bites you but does no damage.
The water moccasin skeleton barely misses you.
You puncture the water moccasin skeleton!
The water moccasin skeleton is moderately damaged.
The water moccasin skeleton bites you.
* * * LOW HITPOINT WARNING * * *
You hit the water moccasin skeleton.
The water moccasin skeleton is heavily damaged.
The water moccasin skeleton bites you but does no damage.
You completely miss the water moccasin skeleton.
The water moccasin skeleton is heavily damaged.
The water moccasin skeleton bites you but does no damage.
You puncture the water moccasin skeleton!
The water moccasin skeleton is severely damaged.
The water moccasin skeleton bites you but does no damage.
You barely miss the water moccasin skeleton.
The water moccasin skeleton is severely damaged.
The water moccasin skeleton bites you.
* * * LOW HITPOINT WARNING * * *
The water moccasin skeleton bites you but does no damage.
You hit the water moccasin skeleton.
The water moccasin skeleton is severely damaged.
The water moccasin skeleton bites you but does no damage.
You puncture the water moccasin skeleton!
The water moccasin skeleton is almost destroyed.
The water moccasin skeleton bites you.
You die...
Kikubaaqudgha rasps: "You have failed me!
Welcome... death!"

########.#.###.##.......#
...............##.##.##.#
.#######.......##.......#
#.####......$.##.#
#.##....##..#.)#.####
#.##.#..##..#......?.
#.............≈≈≈≈≈.≈
#....Z........;≈≈≈≈.;
####@######...≈≈≈≈≈.≈ #.#
###.≈≈≈≈≈.≈ #.#
..$......≈ #..
....≈≈≈≈... ###
#....≈≈≈≈.≈≈ #.$..≈≈≈≈.≈≈
#....≈≈≈≈.≈≈


You could see a water moccasin skeleton.

Vanquished Creatures
  Eustachio (D:6)
  A sky beast (D:6)
  2 ice beasts
  An ogre (D:4)
  2 centaurs
  A phantom (D:5)
  A scorpion (D:7)
  A water moccasin zombie (D:5)
  A water moccasin skeleton (D:6)
  3 hounds (D:5)
  An orc priest (D:3)
  A jelly (D:5)
  A gnoll shaman (D:6)
  4 iguanas
  2 mummies (Ossuary)
  A howler monkey zombie (D:5)
  3 adders
  3 gnolls (D:6)
  2 howler monkey skeletons
  2 white imps
  2 worms
  4 dart slugs
  9 orcs
  13 endoplasms
  2 giant cockroaches
  3 gnoll zombies (Ossuary)
  10 goblins
  9 hobgoblins
  2 jackals (D:4)
  6 quokkas
  7 ball pythons
  5 bats
  6 frilled lizards
  2 goblin zombies (Ossuary)
  6 hobgoblin zombies (Ossuary)
  2 kobolds (D:2)
  3 orc zombies (Ossuary)
  4 rats
129 creatures vanquished.

Notes
Turn   | Place    | Note
-------+----------+-------------------------------------------
     0 | D:1      | loralnil the Gnoll Transmuter began the quest for the Orb.
     0 | D:1      | Reached XP level 1. HP: 17/17 MP: 6/6
   351 | D:1      | Reached XP level 2. HP: 11/23 MP: 7/7
   875 | D:1      | Learned a level 2 spell: Wereblood
  1069 | D:1      | Reached XP level 3. HP: 27/28 MP: 7/9
  1133 | D:1      | Learned a level 3 spell: Spider Form
  1158 | D:1      | Reached skill level 5 in Spellcasting
  1529 | D:2      | Found a faded altar of an unknown god.
  1537 | D:2      | Became a worshipper of Kikubaaqudgha
  1537 | D:2      | Reached * piety under Kikubaaqudgha
  1537 | D:2      | Received a gift from Kikubaaqudgha
  1552 | D:2      | Reached skill level 1 in Invocations
  1732 | D:2      | Reached skill level 1 in Short Blades
  1732 | D:2      | Reached skill level 1 in Long Blades
  1732 | D:2      | Reached skill level 1 in Axes
  1732 | D:2      | Reached skill level 1 in Maces & Flails
  1732 | D:2      | Reached skill level 1 in Polearms
  1732 | D:2      | Reached skill level 1 in Staves
  1732 | D:2      | Reached skill level 1 in Slings
  1732 | D:2      | Reached skill level 1 in Bows
  1732 | D:2      | Reached skill level 1 in Crossbows
  1732 | D:2      | Reached skill level 1 in Throwing
  1732 | D:2      | Reached skill level 1 in Armour
  1732 | D:2      | Reached skill level 1 in Stealth
  1732 | D:2      | Reached skill level 1 in Shields
  1732 | D:2      | Reached skill level 1 in Evocations
  1987 | D:2      | Reached XP level 4. HP: 34/34 MP: 9/11
  2186 | D:3      | Reached skill level 1 in Conjurations
  2186 | D:3      | Reached skill level 1 in Hexes
  2186 | D:3      | Reached skill level 1 in Summonings
  2186 | D:3      | Reached skill level 1 in Necromancy
  2186 | D:3      | Reached skill level 1 in Translocations
  2186 | D:3      | Reached skill level 1 in Fire Magic
  2186 | D:3      | Reached skill level 1 in Ice Magic
  2186 | D:3      | Reached skill level 1 in Air Magic
  2186 | D:3      | Reached skill level 1 in Earth Magic
  2186 | D:3      | Reached skill level 1 in Poison Magic
  2558 | D:3      | Reached ** piety under Kikubaaqudgha
  3124 | D:4      | Reached XP level 5. HP: 39/40 MP: 10/12
  3134 | D:4      | Noticed an ogre
  3144 | D:4      | Killed an ogre
  3260 | D:4      | Identified the +3 ring mail of Shadows and Fog {rPois
                  | Int+6}
  3393 | D:4      | Reached XP level 6. HP: 47/47 MP: 11/13
  3938 | D:5      | Entered Level 5 of the Dungeon
  3966 | D:5      | Reached skill level 5 in Dodging
  4172 | D:5      | Identified the +7 rapier "Eviscerator" {venom, MP+9 Str+2
                  | Int+6}
  4207 | D:5      | Reached XP level 7. HP: 48/52 MP: 15/15
  4345 | D:5      | Reached skill level 7 in Unarmed Combat
  4834 | D:6      | Found a sand-covered staircase.
  4843 | Ossuary  | Entered an ossuary
  5039 | Ossuary  | Reached *** piety under Kikubaaqudgha
  5039 | Ossuary  | Received a gift from Kikubaaqudgha
  5076 | Ossuary  | Reached XP level 8. HP: 58/60 MP: 16/16
  5183 | D:6      | Found a shimmering blue altar of Sif Muna.
  5184 | D:6      | Found a blossoming altar of Fedhas.
  5318 | D:6      | Noticed Eustachio
  5340 | D:6      | Killed Eustachio
  6288 | D:7      | Found a staircase to the Ecumenical Temple.
  6641 | D:7      | Slain by a water moccasin skeleton

Illustrated notes

Levels and vault maps discovered:
D:1:      psy_arrival_dodecagon, layout_basic, minmay_misc_feat_columns
D:2:      layout_basic, hellmonk_ecumenical_altar_slurped_away
D:3:      layout_basic
D:4:      layout_gridville
D:5:      layout_basic, minmay_crystal_water
D:6:      layout_gridville, mainiacjoe_overflow_divided_tiny, enter_ossuary_3,
          minmay_misc_feat_iff, uniq_eustachio
D:7:      layout_loops_cross, minmay_temple_entry_slanted, minivault_14

Skill      XL: |  1  2  3  4  5  6  7  8 |
---------------+-------------------------+-----
Spellcasting   | 5 6 |  6.2
Invocations    | 1 2 3 |  3.9
Short Blades   | 1 2 3 |  3.5
Long Blades    | 1 2 3 |  3.5
Axes           | 1 2 3 |  3.5
Maces & Flails | 1 2 3 |  3.5
Polearms       | 1 2 3 |  3.5
Staves         | 1 2 3 |  3.5
Slings         | 1 2 3 |  3.5
Bows           | 1 2 3 |  3.5
Crossbows      | 1 2 3 |  3.5
Throwing       | 1 2 3 |  3.5
Armour         | 1 2 3 |  3.5
Stealth        | 1 2 3 |  3.5
Shields        | 1 2 3 |  3.5
Evocations     | 1 2 3 |  3.5
Conjurations   | 1 2 |  2.9
Hexes          | 1 2 |  2.9
Summonings     | 1 2 |  2.9
Necromancy     | 1 2 |  2.9
Translocations | 1 2 |  2.9
Fire Magic     | 1 2 |  2.9
Ice Magic      | 1 2 |  2.9
Air Magic      | 1 2 |  2.9
Earth Magic    | 1 2 |  2.9
Poison Magic   | 1 2 |  2.9
Fighting       | 3 4 |  4.4
Transmutations | 4 |  4.8
Dodging        | 5 |  5.8
Unarmed Combat | 7 |  7.5

Action                   |  1- 3 |  4- 6 |  7- 9 || total
-------------------------+-------+-------+-------++-------
Melee: Unarmed           |   118 |   125 |    26 ||   269
       Bite              |    11 |     9 |    10 ||    30
       Kick              |    18 |    17 |    22 ||    57
       Headbutt          |     7 |    16 |    12 ||    35
       Punch             |       |     1 |     4 ||     5
       Rapier            |       |       |   132 ||   132
 Cast: Beastly Appendage |    31 |    25 |    13 ||    69
       Spider Form       |       |     2 |     2 ||     4
  Use: Scroll            |     3 |     6 |     3 ||    12
 Stab: Sleeping          |     3 |     1 |     1 ||     5
Armor: Robe              |    20 |     8 |       ||    28
       Ring mail         |       |    21 |    47 ||    68
       Skin              |       |       |     1 ||     1
Dodge: Dodged            |    71 |    84 |   105 ||   260
